cohdb
Replays
Latest Replays
All Replays
Popular Replays
Top Player Replays
Match Explorer
How It Works
Community
CoH3 Stats
Reddit
Sign in to upload your games and track your stats! →
Sign in with Steam
Match 47229212
Unlisted
Match 47229212
Overview
Messages
Build Orders
End
Construct Barracks
Riflemen Squad
Riflemen Squad
Riflemen Squad
Grenade Package
Mechanized Support Center
Construct Medical Station
Riflemen Squad
Engineer Squad
Construct Motor Pool
Riflemen Squad
M24 Chaffee Light Tank
Selects Heavy Weapons
Selects Assault Carriers
Selects Exchangeable Parts
Engineer Squad
M24 Chaffee Light Tank
Designate Forward Repair Station
M1918 Browning Automatic Rifles
Rapid Repairs
Improvised Armor
.30 cal Machine Gun
M24 Chaffee Light Tank
Designate Forward Repair Station
Construct Tank Depot
Engineer Squad
Selects M26 Pershing Heavy Tank
M26 Pershing Heavy Tank
M1 Anti-tank Gun Team
Salvage Crew
Riflemen Squad
Selects M2HB .50cal Heavy Machine Gun
Selects Rapid Reposition
Riflemen Squad
Engineer Squad
Selects Black Dragon Artillery Barrage
Black Dragon Artillery Barrage
Vulpes
Ghost
UMirinBrah?
帝国大机霸贝克尔少校
0
0
Comments
sign in to comment!
No comments posted yet!